 Dungeon Crawl Stone Soup version 0.27-a0-1273-gec92ba881d (webtiles) character file.

Game seed: 473303638669307981

24 rabbitsville the Bolt Thrower (level 3, -2/21 HPs)
             Began as a Kobold Hunter on June 11, 2021.
             Slain by Crazy Yiuf
             ... wielding a +2 quarterstaff of chaos
              (15 damage)
             ... on level 2 of the Dungeon.
             The game lasted 00:18:29 (1303 turns).

rabbitsville the Bolt Thrower (Kobold Hunter)       Turns: 1303, Time: 00:18:29

Health: -2/21      AC:  4    Str:  9    XL:     3   Next: 15%
Magic:  3/3        EV: 14    Int: 12    God:
Gold:   34         SH:  0    Dex: 16    Spells: 2/2 levels left

rFire    . . .     SeeInvis .   b - +0 short sword
rCold    . . .     Faith    .   (shield restricted)
rNeg     . . .     Spirit   .   c - +0 leather armour
rPois    .         Reflect  .   k - +0 helmet
rElec    .         Harm     .   (no cloak)
rCorr    .         Rampage  .   (no gloves)
Will     .....                  (no boots)
Stlth    +++.......             (no amulet)
HPRegen  0.07/turn              g - ring of wizardry
MPRegen  0.08/turn              (no ring)

@: no status effects
A: small, no large weapons, nightstalker 3
a: no special abilities


You were on level 2 of the Dungeon.
You visited 1 branch of the dungeon, and saw 2 of its levels.

You collected 34 gold pieces.

Inventory:

Hand Weapons
 a - a +1 hand crossbow
 b - a +0 short sword (weapon)
Missiles
 d - 38 bolts
Armour
 c - a +0 leather armour (worn)
 k - a +0 helmet (worn)
Magical Staves
 l - a staff of poison
Jewellery
 g - a ring of wizardry (left hand)
Scrolls
 e - a scroll of blinking {unknown}
 f - a scroll of amnesia
 h - a scroll of enchant weapon {unknown}
 i - 2 scrolls of identify {unknown}
Potions
 j - a potion of magic {unknown}


   Skills:
 - Level 2.1 Fighting
 + Level 0.0 Short Blades
 * Level 5.6 Crossbows
 + Level 2.6 Dodging
 + Level 2.0 Stealth


You had 2 spell levels left.
You didn't know any spells.
Your spell library was empty.

Dungeon Overview and Level Annotations

Branches:
Dungeon (2/15)

Altars:

Annotations:
D:2 Crazy Yiuf


Innate Abilities, Weirdness & Mutations

You are small and have problems with some larger weapons.
You are completely attuned to the shadows.


Message History

Aim: a goblin, wielding a +0 club (severely wounded, 61% to hit)
You shoot a bolt. The bolt hits the goblin!
You kill the goblin!
Your Stealth skill increases to level 2!
d - 38 bolts (gained 1)
You see here a +0 club.
d - 39 bolts (gained 1)
d - 40 bolts (gained 1)
Found a runed translucent door.
Found a mace.
Press: ? - help, v - describe, . - travel
Here: Crazy Yiuf, wielding a +2 quarterstaff of chaos and wearing a +0 cloak (asleep, fire blocked by a runed translucent door)
The floor.
Unknown command.
You open the door.
Fire: 40 bolts
Press: ? - help, Q - select action Shift-Dir - straight line, f - Crazy Yiuf
Aim: Crazy Yiuf, wielding a +2 quarterstaff of chaos and wearing a +0 cloak (asleep, 98% to hit)
You shoot a bolt. The bolt hits Crazy Yiuf.
Crazy Yiuf is lightly wounded.
Fire: 39 bolts
Press: ? - help, Q - select action Shift-Dir - straight line, f/p - Crazy Yiuf
Aim: Crazy Yiuf, wielding a +2 quarterstaff of chaos and wearing a +0 cloak (lightly wounded, 70% to hit)
You shoot a bolt. The bolt hits Crazy Yiuf!
Crazy Yiuf is severely wounded.
Crazy Yiuf grits, "Goober alas noodlescoop!"
b - a +0 short sword (weapon)
You closely miss Crazy Yiuf.
Crazy Yiuf is severely wounded.
Crazy Yiuf barely misses you.
You closely miss Crazy Yiuf.
Crazy Yiuf is severely wounded.
Crazy Yiuf hits you with a +2 quarterstaff of chaos!
Crazy Yiuf draws strength from your wounds!
You hit Crazy Yiuf.
Crazy Yiuf is moderately wounded.
Crazy Yiuf cries, "You leg down broken song, no?"
Crazy Yiuf hits you with a +2 quarterstaff of chaos!
Ouch! That really hurt!
You die...

#)(.#
#.(.#
...
#g#
#@##
##.#
#.##
##.#
##.##
##...#
#....#
##..##
###
#....#


You could see Crazy Yiuf.

Vanquished Creatures
  A dart slug (D:1)
  3 bats (D:1)
  3 endoplasms (D:1)
  2 giant cockroaches (D:1)
  2 goblins
  2 hobgoblins (D:1)
  A quokka (D:1)
  3 ball pythons (D:1)
  A kobold (D:1)
  2 rats (D:1)
20 creatures vanquished.

Notes
Turn   | Place    | Note
-------+----------+-------------------------------------------
     0 | D:1      | rabbitsville the Kobold Hunter began the quest for the Orb.
     0 | D:1      | Reached XP level 1. HP: 12/12 MP: 1/1
    97 | D:1      | Reached skill level 5 in Crossbows
   150 | D:1      | Reached XP level 2. HP: 15/17 MP: 2/2
   249 | D:1      | Found a faded altar of an unknown god.
   857 | D:1      | Reached XP level 3. HP: 21/21 MP: 3/3
  1293 | D:2      | Found a runed translucent door.
  1296 | D:2      | Noticed Crazy Yiuf
  1303 | D:2      | Slain by Crazy Yiuf

Illustrated notes

Levels and vault maps discovered:
D:1:      eino_arrival_tree_alley, layout_basic,
          shapermc_ecumenical_altar_mp_highgroup, minmay_pentomino_p2
D:2:      layout_loops_ring, kennysheep_generic_room_13, uniq_sigmund,
          uniq_crazy_yiuf_cottage, uniq_terence

Skill      XL: |  1  2  3 |
---------------+----------+-----
Crossbows      | 5 |  5.6
Stealth        | 2 |  2.0
Fighting       | |  2.1
Dodging        | |  2.6

Action                   || total
-------------------------++-------
Melee: Short sword       ||    38
 Fire: Hand crossbow     ||    30
  Use: Scroll            ||     1
Armor: Leather armour    ||    11
Dodge: Dodged            ||    36

Table legend: (Time is in decaauts)
 A = Elapsed time spent in this place.
 B = Non-inter-level travel time spent in this place.
 C = Inter-level travel time spent in this place.
 D = Time resting spent in this place.
 E = Time spent auto-exploring this place.
 F = Levels seen in this place.
 G = Mean time per level.
                   A        B        C        D        E       F      G
               +--------+--------+--------+--------+--------+-----+--------+
         Total |   1305 |   1286 |     19 |     37 |    113 |   2 |  652.5 |
       Dungeon |   1305 |   1286 |     19 |     37 |    113 |   2 |  652.5 |
               +--------+--------+--------+--------+--------+-----+--------+

Top non-repeatable levels by time:
     D:1: 1253 daAuts
     D:2: 51 daAuts
